 Dungeon Crawl Stone Soup version 0.30-a0-603-g51a0fb1b98 (webtiles) character file.

Game seed: 17362259210413380595

203 Crownlay the Digger (level 5, -4/42 HPs)
             Began as a Gargoyle Earth Elementalist on Jan 7, 2023.
             Killed from afar by an orc wizard (7 damage)
             ... with a puff of flame
             ... on level 3 of the Dungeon.
             The game lasted 00:04:02 (2834 turns).

Crownlay the Digger (Gargoyle Earth Elementalist)   Turns: 2834, Time: 00:04:03

Health: -4/42      AC: 22    Str: 10 (11) XL:     5   Next: 81%
Magic:  0/8        EV:  2    Int: 17 (18) God:
Gold:   180        SH:  0    Dex:  8 (10) Spells: 4/8 levels left

rFire   . . .      SeeInvis .    e - +0 dagger
rCold   . . .      Faith    .    (no shield)
rNeg    + . .      Spirit   +    (body armour currently unavailable)
rPois   ∞          Reflect  .    (helmet currently unavailable)
rElec   .          Harm     .    (cloak currently unavailable)
rCorr   .          Rampage  .    (gloves currently unavailable)
Will    .....      NoTele   +    (boots currently unavailable)
Stlth   ++                       m - amulet of guardian spirit
HPRegen 0.27/turn                (no ring)
MPRegen 0.11/turn                (no ring)

@: tree-form, hasted, very quick
A: stationary, stasis, torment immunity, boosted hp, sickness immunity, AC +4,
negative energy resistance 1, (electricity resistance), torment resistance 1,
petrification resistance
a: no special abilities


You were on level 3 of the Dungeon.
You were a tree.
You visited 1 branch of the dungeon, and saw 3 of its levels.

You collected 180 gold pieces.

Inventory:

Hand Weapons
 e - a +0 dagger (weapon)
Armour
 a - a +1 robe (melded)
Jewellery
 m - an amulet of guardian spirit (around neck)
Wands
 o - a wand of digging (6)
Scrolls
 c - a scroll of poison {unknown}
 d - 2 scrolls of enchant armour
 i - 2 scrolls of noise {unknown}
 k - 2 scrolls of enchant weapon {unknown}
 n - a scroll of identify {unknown}
 p - a scroll of magic mapping {unknown}
 q - a scroll of fog {unknown}
Potions
 b - 2 potions of magic
 f - a potion of lignification
 h - a potion of invisibility {unknown}
 j - a potion of degeneration
 l - a potion of flight {unknown}
 r - a potion of curing {unknown}
 s - a potion of mutation {unknown}


   Skills:
 - Level 1.5 Dodging
 - Level 2.1 Stealth
 - Level 2.0 Spellcasting
 - Level 0.7 Transmutations
 + Level 7.6 Earth Magic


You had 4 spell levels left.
You knew the following spells:

 Your Spells              Type           Power      Damage    Failure   Level
a - Sandblast             Erth           54%        2d13      1%          1
b - Stone Arrow           Conj/Erth      28%        3d8       12%         3

Your spell library contained the following spells:

 Spells                   Type           Power      Damage    Failure   Level
 Passwall                 Tmut/Erth      12%        N/A       5%          2
 Kiss of Death            Conj/Necr      4%         2d5       19%         1
 Petrify                  Tmut/Erth      15%        N/A       34%         4
 Confusing Touch          Hex            1%         N/A       50%         3
 Dispel Undead            Necr           1%         3d6       88%         4
 Irradiate                Conj/Tmut      1%         3d12      99%         5
 Sublimation of Blood     Necr           Unusable   N/A       N/A         2

Dungeon Overview and Level Annotations

Branches:
Dungeon (3/15)

Altars:
Hepliaklqana
Kikubaaqudgha
Okawaru
Wu Jian

Shops:
D:3 =


Innate Abilities, Weirdness & Mutations

You are a tree.
Your roots penetrate the ground, keeping you stationary.
You cannot be teleported.
You are immune to unholy pain and torment.
Your maximum health is greatly increased.
Your equipment is partially melded.
You are immune to sickness and miasma.
((Your stone body is resilient. (AC +4)))
You are immune to poison.
You resist negative energy. (rN+)
((You are resistant to electric shocks. (rElec)))
You are resistant to unholy torment.
You are immune to petrification.


Message History

You hit something but do no damage. Something hits you but does no damage.
You closely miss something. Something hits you but does no damage.
You miss something.
You hear some strange, mumbled words.
A magic dart appears from out of thin air!
The magic dart hits you!
* * * LOW HITPOINT WARNING * * *
You miss something. Something hits you but does no damage.
Casting: Sandblast (safe; 1% risk of failure)
Confirm with . or Enter, or press ? or * to list all spells.
Aiming: Sandblast (safe; 1% risk of failure)
Press: ? - help, Shift-Dir - straight line The blast of sand hits something but does no damage.
Something hits you.
* * * LOW HITPOINT WARNING * * *
You hear some strange, mumbled words.
A magic dart appears from out of thin air!
The magic dart hits you but does no damage.
It was a potion of lignification.
You turn into a tree.
Your +1 robe melds into your body.
Your roots penetrate the ground.
Something hits you but does no damage.
You cannot move.
You cannot move.
There is a strange disturbance nearby!
There is a strange disturbance nearby!
There is a strange disturbance nearby!
You cannot move.
You hit something. Your punch misses something.
Something hits you but does no damage.
You miss something. Something hits you but does no damage.
You closely miss something. Something hits you but does no damage.
It was a potion of degeneration.
There was something very wrong with that liquid.
You feel weakened.
You feel dopey.
You feel clumsy. Something hits you but does no damage.
It was a potion of haste.
You feel yourself speed up.
You hear some strange, mumbled words.
A puff of flame appears from out of thin air!
The puff of flame hits you!
You die...

##.#.# #....>...## #...#...♣...
##.#.#########.###.###.#.........
##........# ######........##....
####.####.# #..############.#. #
##.# #.### +...## #.#. # #..#
#...# #....## #.#. # #.## ######
#.....# #.#. # #.# #..#.⌠.⌠.###
#.#. # #.# #_.{♣.⌠....# #.#.
###.# #..#)⌠.⌠.#.# #.#. ....# ##
#.....#.#######.#. ##..##
#....##........... ##...# #.#
+...####.########. ...#.# #.#
#..## #.# #. ####.# #.#
####.###.#### #. .....### #.#
#........#####. ..##...## #.##
#..........<...


There were no monsters in sight!

Vanquished Creatures
  2 orc wizards (D:3)
  3 gnolls (D:3)
  6 adders
  2 worms (D:2)
  9 ball pythons
  6 endoplasms
  3 giant cockroaches (D:2)
  2 goblins
  7 hobgoblins
  11 jackals
  2 quokkas
  5 bats
  3 frilled lizards
  3 kobolds
  3 rats
67 creatures vanquished.

Vanquished Creatures (others)
  13 plants (D:3)
13 creatures vanquished.

Grand Total: 80 creatures vanquished

Notes
Turn   | Place    | Note
-------+----------+-------------------------------------------
     0 | D:1      | Crownlay the Gargoyle Earth Elementalist began the quest
                  | for the Orb.
     0 | D:1      | Reached XP level 1. HP: 10/10 MP: 3/3
    79 | D:1      | Reached skill level 4 in Earth Magic
   121 | D:1      | Reached XP level 2. HP: 15/15 MP: 1/5
   503 | D:1      | Found a faded altar of an unknown god.
  1006 | D:2      | Reached skill level 5 in Earth Magic
  1006 | D:2      | Reached XP level 3. HP: 19/19 MP: 4/6
  1486 | D:2      | Reached XP level 4. HP: 24/24 MP: 2/7
  1659 | D:2      | Reached skill level 6 in Earth Magic
  2080 | D:3      | Reached XP level 5. HP: 28/28 MP: 1/8
  2159 | D:3      | Learned a level 3 spell: Stone Arrow
  2249 | D:3      | Found an iron altar of Okawaru.
  2450 | D:3      | Found a hazy altar of Hepliaklqana.
  2483 | D:3      | Reached skill level 7 in Earth Magic
  2505 | D:3      | Found an ornate altar of the Wu Jian Council.
  2611 | D:3      | Found Jetuplee's Jewellery Shop.
  2812 | D:3      | Found an ancient bone altar of Kikubaaqudgha.
  2828 | D:3      | HP: 1/28 [something (3)]
  2834 | D:3      | Killed from afar by an orc wizard

Illustrated notes

Levels and vault maps discovered:
D:1:      tarquinn_simple_flora_water_a, layout_basic,
          shapermc_ecumenical_altar_notcrosses, supply_closet_lemuel
D:2:      layout_loops_corners
D:3:      layout_loops_ring, palyth_temple_overflow_mages, okawaru_trees_2,
          mainiacjoe_overflow_catch_the_wave, serial_shops, shop

Skill      XL: |  1  2  3  4  5 |
---------------+----------------+-----
Earth Magic    | 4 5 6 7 |  7.6
Dodging        | |  1.5
Stealth        | |  2.1
Spellcasting   | |  2.0
Transmutations | |  0.7

Action                   |  1- 3 |  4- 6 || total
-------------------------+-------+-------++-------
Melee: Dagger            |    31 |    27 ||    58
 Cast: Sandblast         |    38 |    57 ||    95
  Use: Scroll            |       |     1 ||     1
       Potion            |       |     3 ||     3
Armor: Robe              |     8 |    24 ||    32
       Skin              |       |     5 ||     5
Dodge: Dodged            |    32 |    34 ||    66

Table legend: (Time is in decaauts)
 A = Elapsed time spent in this place.
 B = Non-inter-level travel time spent in this place.
 C = Inter-level travel time spent in this place.
 D = Time resting spent in this place.
 E = Time spent auto-exploring this place.
 F = Levels seen in this place.
 G = Mean time per level.
                   A        B        C        D        E       F      G
               +--------+--------+--------+--------+--------+-----+--------+
         Total |   2880 |   2835 |     45 |      0 |   2447 |   3 |  960.0 |
       Dungeon |   2880 |   2835 |     45 |      0 |   2447 |   3 |  960.0 |
               +--------+--------+--------+--------+--------+-----+--------+

Top non-repeatable levels by time:
     D:2: 1169 daAuts
     D:1: 931 daAuts
     D:3: 779 daAuts
